 Dungeon Crawl Stone Soup version 0.26-a0-778-g3fe0686644 (webtiles) character file.

Game seed: 2056320361530602143

63 Grant146 the Cudgeler (level 3, 0/33 HPs)
             Began as a Minotaur Berserker on Nov 10, 2020.
             Was a Believer of Trog.
             Killed from afar by Sigmund (9 damage)
             ... with a puff of flame
             ... on level 2 of the Dungeon.
             The game lasted 00:01:22 (1314 turns).

Grant146 the Cudgeler (Minotaur Berserker)          Turns: 1314, Time: 00:01:24

Health: 0/33       AC:  2    Str: 22    XL:     3   Next: 89%
Magic:  2/2        EV: 12    Int:  4    God:    Trog [**....]
Gold:   116        SH:  0    Dex:  9    Spells: 2/2 levels left

rFire    . . .     SeeInvis .   a - +0 mace
rCold    . . .     Faith    .   (no shield)
rNeg     . . .     Spirit   .   b - +0 animal skin
rPois    .         Reflect  .   (helmet restricted)
rElec    .         Harm     .   (no cloak)
rCorr    .         Rampage  .   (no gloves)
MR       .....                  (no boots)
Stlth    +.........             (no amulet)
HPRegen  0.11/turn              (no ring)
MPRegen  0.08/turn              (no ring)

@: berserk cooldown, slowed, very slow
A: retaliatory headbutt, horns 2
a: Berserk, Trog's Hand, Renounce Religion


You were on level 2 of the Dungeon.
You worshipped Trog.
Trog was pleased with you.
You visited 1 branch of the dungeon, and saw 2 of its levels.

You collected 116 gold pieces.

Inventory:

Hand Weapons
 a - a +0 mace (weapon)
Armour
 b - a +0 animal skin (worn)
Jewellery
 f - an uncursed ring of positive energy {unknown}
Scrolls
 c - 2 scrolls of identify {unknown}
 d - a scroll of magic mapping {unknown}
 h - a scroll of noise {unknown}
Potions
 e - 2 potions of brilliance {unknown}
 g - a potion of lignification {unknown}


   Skills:
 + Level 4.2 Fighting
 + Level 4.7 Maces & Flails
 + Level 2.8 Armour
 + Level 2.8 Dodging


You had 2 spell levels left.
You didn't know any spells.
Your spell library was empty.

Dungeon Overview and Level Annotations

Branches:
Dungeon (2/15)

Altars:
Sif Muna
The Shining One

Annotations:
D:2 Sigmund


Innate Abilities, Weirdness & Mutations

You reflexively headbutt those who attack you in melee.
You have a pair of horns on your head.


Message History

Sigmund is heavily wounded.
You hit Sigmund.
Sigmund is severely wounded.
Sigmund barely misses you.
You barely miss Sigmund.
Sigmund is severely wounded.
You thump Sigmund!
Sigmund is almost dead.
Sigmund misses you.
You feel a strong urge to attack something.
Sigmund misses you.
You are no longer berserk.
You are exhausted.
You feel yourself slow down. Sigmund barely misses you.
You're too confused to move!
You feel less confused. Sigmund casts a spell at you.
The puff of flame hits you!
You die...

....#........##.......#######.##.
....#....#...............'.......
#...#....#[#....##......##....##.
#..##......#....#....####).......
.#.#######+#....#....####........
....# ......#.......#........
..#.# #......)....#........ ..#.#
#.................... ..#..
##..@................ .##...
.......@.####.....###### .# ....
#+#......# .....# .##.....
.........# .....#
..................# .... .#...
.........# ... .#. #+#......#
##.. #......# ...#


You could see Sigmund.

Vanquished Creatures
  An adder (D:2)
  An ooze (D:1)
  3 dart slugs (D:1)
  2 leopard geckos (D:1)
  3 giant cockroaches
  6 goblins
  2 hobgoblins (D:1)
  2 jackals (D:2)
  6 kobolds
  A ball python (D:1)
  9 bats
  4 frilled lizards (D:1)
  4 rats
44 creatures vanquished.

Notes
Turn   | Place    | Note
-------+----------+-------------------------------------------
     0 | D:1      | Grant146 the Minotaur Berserker began the quest for the
                  | Orb.
     0 | D:1      | Reached XP level 1. HP: 19/19 MP: 0/0
   236 | D:1      | Reached XP level 2. HP: 24/27 MP: 1/1
   423 | D:1      | Reached ** piety under Trog
   576 | D:1      | Reached XP level 3. HP: 32/33 MP: 2/2
  1251 | D:2      | Found a glowing golden altar of the Shining One.
  1251 | D:2      | Found a shimmering blue altar of Sif Muna.
  1298 | D:2      | Noticed Sigmund
  1314 | D:2      | Killed from afar by Sigmund

Illustrated notes

Levels and vault maps discovered:
D:1:      wander_arrival_desolate, layout_loops_ring, minmay_tetromino_o2
D:2:      layout_basic, gammafunk_temple_overflow_elements,
          nemelex_xobeh_ov_fountains_minmay, grunt_gozag_breadcrumbs,
          uniq_sigmund

Skill      XL: |  1  2 |
---------------+-------+-----
Maces & Flails | 4 |  4.7
Fighting       | 4 |  4.2
Armour         | |  2.8
Dodging        | |  2.8

Action                   || total
-------------------------++-------
Melee: Mace              ||    72
       Headbutt          ||     7
Invok: Berserk           ||     1
Armor: Animal skin       ||    24
Dodge: Dodged            ||    68

Table legend: (Time is in decaauts)
 A = Elapsed time spent in this place.
 B = Non-inter-level travel time spent in this place.
 C = Inter-level travel time spent in this place.
 D = Time resting spent in this place.
 E = Time spent auto-exploring this place.
 F = Levels seen in this place.
 G = Mean time per level.
                   A        B        C        D        E       F      G
               +--------+--------+--------+--------+--------+-----+--------+
         Total |   1325 |   1315 |     10 |      0 |   1078 |   2 |  662.5 |
       Dungeon |   1325 |   1315 |     10 |      0 |   1078 |   2 |  662.5 |
               +--------+--------+--------+--------+--------+-----+--------+

Top non-repeatable levels by time:
     D:1: 1000 daAuts
     D:2: 324 daAuts
